 Dungeon Crawl Stone Soup version 0.18-a0-1788-g92de1ac (webtiles) character file.

79156 wvc the Spear-Bearer (level 15, -5/81 HPs)
             Began as a Vine Stalker Wanderer on Apr 19, 2016.
             Was the Champion of Nemelex Xobeh.
             Killed from afar by a shock serpent (7 damage)
             ... with an electric aura
             ... on level 3 of the Lair of Beasts.
             The game lasted 01:07:25 (21854 turns).

wvc the Spear-Bearer (Vine Stalker Wanderer)       Turns: 21854, Time: 01:07:26

Health: -5/81      AC: 16    Str: 18    XL:     15   Next: 62%
Magic:  0/22       EV: 20    Int: 16    God:    Nemelex Xobeh [******]
Gold:   340        SH: 10    Dex: 22    Spells: 2 memorised, 15 levels left

rFire  . . .     SeeInvis +     i - +0 trident (venom)
rCold  . . .     Gourm    .     Z - +2 ring mail of Limited Liability {MR+ Str-4 Slay+3 Stlth+}
rNeg   . . .     Faith    .     v - +3 warlock's mirror {reflect}
rPois  +         Spirit   +     U - +0 helmet
rElec  .         Dismiss  .     z - +0 cloak
rCorr  .         Reflect  +     l - +1 pair of gloves
SustAt .         Harm     .     C - +1 pair of boots of Guposybe {-Cast Int+4 Dex+5}
MR     ++...     NoCast   +     X - amulet of magic regeneration
Stlth  +++.......               p - ring of poison resistance
                                x - +4 ring of strength

@: drained, very resistant to hostile enchantments, fairly stealthy
A: fangs 3, see invisible, mutation resistance 1, regeneration 3, magic shield,
antimagic bite, no device heal 3, rot immunity
a: Triple Draw, Deal Four, Stack Five, Renounce Religion


You were on level 3 of the Lair of Beasts.
You worshipped Nemelex Xobeh.
Nemelex Xobeh was exalted by your worship.
You were not hungry.

You visited 4 branches of the dungeon, and saw 24 of its levels.
You also visited: Labyrinth and Volcano.

You collected 2636 gold pieces.
You spent 2296 gold pieces at shops.

Inventory:

Hand Weapons
 i - a +0 trident of venom (weapon)
Armour
 l - a +1 pair of gloves (worn)
 v - the +3 warlock's mirror (worn) {reflect}
   (You acquired it on level 4 of the Lair of Beasts)
 z - a +0 cloak (worn)
 C - the +1 pair of boots of Guposybe (worn) {-Cast Int+4 Dex+5}
   (You bought it in a shop on level 2 of the Orcish Mines)

   It affects your intelligence (+4).
   It affects your dexterity (+5).
   It prevents spellcasting.
 U - a +0 helmet (worn)
 Z - the +2 ring mail of Limited Liability (worn) {MR+ Str-4 Slay+3 Stlth+}
   (You found it on level 2 of the Lair of Beasts)

   It affects your strength (-4).
   It affects your accuracy and damage with ranged weapons and melee attacks
   (+3).
   It affects your resistance to hostile enchantments.
   It makes you more stealthy.
Jewellery
 p - a ring of poison resistance (right hand)
 x - a +4 ring of strength (left hand)
 A - an uncursed ring of resist corrosion
 L - an uncursed ring of flight
 X - an amulet of magic regeneration (around neck)
Wands
 D - a wand of confusion (29/48)
Scrolls
 c - 11 scrolls of teleportation
 d - a scroll of magic mapping
 k - 7 scrolls of amnesia
 q - 7 scrolls of remove curse
 w - 9 scrolls of recharging
 E - 3 scrolls of identify
 G - 2 scrolls of brand weapon
 M - 2 scrolls of fear
 N - 4 scrolls of enchant weapon
 O - 4 scrolls of enchant armour
 Q - a scroll of blinking
Potions
 b - 13 potions of curing
 e - 3 potions of brilliance
 m - 4 potions of agility
 n - 2 potions of flight
 s - 4 potions of might
 B - 2 potions of magic
 F - 3 potions of invisibility
 H - a potion of berserk rage
 R - 3 potions of resistance
 W - a potion of ambrosia
Books
 V - a book of Spatial Translocations

   Spells                             Type                      Level
   a - Apportation                    Translocation                1
   b - Blink                          Translocation                2
   c - Shroud of Golubria             Charms/Translocation         2
   d - Portal Projectile              Translocation                3
   e - Teleport Other                 Translocation                3
   f - Passage of Golubria            Translocation                4
Miscellaneous
 a - an ornate deck of destruction {drawn: 2}
 g - an ornate deck of destruction {drawn: 4}
 h - a legendary deck of escape {drawn: 1}
 j - an ornate deck of destruction {drawn: 5}
 r - a legendary deck of escape
 t - a plain deck of destruction
 u - an ornate deck of escape
 y - a plain deck of destruction
 I - an ornate deck of destruction {drawn: 3}
 J - a legendary deck of destruction
 K - an ornate deck of destruction {drawn: 8}
 P - a legendary deck of escape
 S - an ornate deck of escape
 Y - an ornate deck of escape
Comestibles
 f - 17 bread rations
 o - 10 meat rations


   Skills:
 + Level 10.4(10.3) Fighting
 - Level 14.0(13.9) Polearms
 + Level 2.0(1.9) Throwing
 + Level 8.3(8.2) Armour
 + Level 10.2(10.1) Dodging
 - Level 1.2(1.1) Stealth
 - Level 6.9(6.8) Shields
 - Level 2.1 Spellcasting
   Level 1.0(0.9) Summonings
 + Level 9.2(9.1) Evocations


You had 15 spell levels left.
You knew the following spells:

 Your Spells              Type           Power        Failure   Level  Hunger
a - Apportation           Tloc           #.........   34%         1    #......
b - Blink                 Tloc           N/A          52%         2    ###....


Dungeon Overview and Level Annotations

Branches:
Dungeon (13/15)            Temple (0/1) D:4            Lair (8/8) D:11
  Swamp (0/4) Lair:4        Snake (1/4) Lair:3        Slime (0/6) Lair:6
    Orc (2/2) D:11            Elf (0/3) Orc:2        Vaults (0/5) D:13

Altars:
Kikubaaqudgha
Nemelex Xobeh
Pakellas
Ru
Yredelemnul
Beogh
Jiyva

Shops:
D:7 *   D:12 ?   Orc:1 *   Orc:2 (:[*


Innate Abilities, Weirdness & Mutations

You have razor-sharp teeth.
You regenerate.
When hurt, damage is shared between your health and your magic reserves.
Your bite disrupts and absorbs the magic of your enemies.
Potions and wands cannot restore your health.
You are immune to rotting.
You have supernaturally acute eyesight.
You are somewhat resistant to further mutation.


Message History

* * * LOW HITPOINT WARNING * * *
The shock serpent shocks you!
* * * LOW HITPOINT WARNING * * *
You miss the shock serpent. You bite the shock serpent! You drain its power.
You feel invigorated.
The shock serpent is severely wounded.
The shock serpent's electric aura discharges, shocking you!
The shock serpent closely misses you.
You hit the shock serpent but do no damage.
The shock serpent looks even sicker.
Your bite misses the shock serpent.
The shock serpent is severely wounded.
The shock serpent misses you.
You completely miss the shock serpent.
The shock serpent is severely wounded.
The shock serpent completely misses you.
You puncture the shock serpent! Your bite misses the shock serpent.
The shock serpent is almost dead.
The shock serpent's electric aura discharges, shocking you!
You die...
Your body glows with a rainbow of weird colours and disappears.

....#...##.....###...##.#.......#
........+.........######.##....#.
....#.####........# #.........
#....#####..####.#######.....^.#.
P..........##≈≈P.≈P≈##.........##
#..........#♣≈≈..P≈P≈#...........
#.........)#≈P♣♣§♣♣≈≈#...........
#..........#≈P♣.§S♣≈≈#...........
...####.##......@§§............##
#.## #.#####♣P♣...♣♣P##.......##.
#.####.### #≈P♣♣.♣♣♣≈##.......###
...##....# #≈.P≈.P≈.♣##.......###
#..##....# ##P.P.♣♣.# ##.........
..##.....#######.#### #P.......#.
P.###.P'###P.....#######......###
..#####.###....P..#.##........# #
#.P..#.+#P##...P.###.#.#......###


You could see a shock serpent.

Vanquished Creatures
  A ghost moth (D:13)
  An ettin (Lair:5)
  A minotaur (Lab)
  A great orb of eyes (D:13)
  5 hydras
  A ghost crab (D:13)
  3 catoblepae (Lair:8)
  2 centaur warriors (D:13)
  9 death yaks (Lair:8)
  An orc high priest (Orc:2)
  Nergalle (Lair:4)
  2 skeletal warriors (D:12)
  An unseen horror (D:11)
  A necromancer (D:13)
  A lindwurm (Volcano)
  Pikel (D:6)
  2 hill giants (D:10)
  An ugly thing (D:13)
  A wizard (D:13)
  An orc knight (Orc:2)
  2 orc sorcerers (Orc:2)
  A deep elf mage (D:13)
  2 griffons
  9 centaur zombies (D:12)
  2 guardian serpents
  6 elephants (Lair:8)
  A toenail golem (Volcano)
  An octopode (Orc:2)
  5 black mambas
  10 spiny frogs
  2 torpor snails
  A molten gargoyle (Volcano)
  5 gargoyles
  A rime drake (D:13)
  A yaktaur (D:13)
  A kobold demonologist (D:12)
  6 komodo dragons
  2 trolls (D:10)
  A giant leech (Lair:4)
  Grinder (D:4)
  Prince Ribbit (D:9)
  A two-headed ogre (D:13)
  11 blink frogs
  2 flying skulls (D:12)
  4 shadows
  A wraith (D:13)
  A wyvern (D:13)
  16 humans
  3 fire bats (Lair:2)
  4 basilisks
  11 hippogriffs
  48 yaks
  A steam dragon (D:11)
  8 hungry ghosts
  A mottled dragon (Orc:2)
  A warg (Orc:2)
  3 soldier ants
  2 nagas (Lair:3)
  17 water moccasins
  11 porcupines
  4 black bears
  A swamp drake (Orc:2)
  2 ice beasts (D:10)
  3 necrophages (D:12)
  16 orc warriors
  3 sky beasts
  4 wasps
  An eye of draining (D:11)
  7 ogres
  3 phantoms
  11 centaurs
  7 wolves
  11 crocodiles
  Blork the orc (Orc:2)
  A big kobold (D:9)
  17 giant frogs
  A water moccasin zombie (D:8)
  A wyvern zombie (D:9)
  3 scorpions
  2 wyvern skeletons (D:12)
  8 killer bees
  A howler monkey (D:13)
  2 wights (D:12)
  3 crimson imps
  A lava snake (D:13)
  A quasit (D:8)
  5 giant frog zombies
  4 jellies
  3 hounds
  6 centaur skeletons
  8 giant frog skeletons
  5 orc priests
  9 iguanas
  15 orc wizards
  A hell rat (D:11)
  12 worker ants
  8 sheep
  A hound skeleton (D:11)
  A worker ant zombie (D:8)
  A gnoll (D:1)
  A howler monkey skeleton (D:10)
  11 adders
  89 river rats
  5 shadow imps
  2 oozes
  An adder zombie (D:9)
  An adder skeleton (D:8)
  4 worms
  A dart slug (D:4)
  4 giant geckos
  33 orcs
  10 bats
  7 giant cockroaches
  10 goblins
  8 hobgoblins
  6 jackals
  14 kobolds
  6 quokkas
  A ball python (D:5)
  3 giant newts
  A quokka zombie (D:6)
  5 rats
  4 fire vortices (Volcano)
  2 fungi
667 creatures vanquished.

Vanquished Creatures (collateral kills)
  An orc warlord (Orc:2)
  3 hydras
  4 death yaks (Lair:8)
  Urug (Lair:1)
  An orc knight (Orc:2)
  An orc sorcerer (Orc:2)
  A black mamba (Lair:2)
  An elephant (Lair:6)
  A guardian serpent (D:9)
  A spiny frog (Lair:4)
  The ghost of Nedvokis the Ducker, an amateur DrFE (D:4)
  A giant leech (Lair:4)
  6 blink frogs
  13 yaks
  2 hippogriffs
  5 water moccasins
  2 orc warriors (D:8)
  A porcupine (Lair:2)
  An ice beast (D:7)
  2 wolves (Lair:2)
  3 crocodiles
  A big kobold (D:9)
  A giant frog (Lair:1)
  A wyvern skeleton (D:8)
  A killer bee (D:8)
  3 wights (D:9)
  A quasit (D:10)
  An orc priest (D:8)
  An orc wizard (D:10)
  An iguana (Lair:2)
  A hell rat (Orc:2)
  A worker ant (D:8)
  5 sheep
  9 river rats
  An adder zombie (D:9)
  A dart slug (D:11)
  3 orcs
  A hobgoblin (D:11)
  2 kobolds (D:9)
87 creatures vanquished.

Vanquished Creatures (others)
  A great orb of eyes (D:13)
  An anubis guard (D:13)
  A troll (D:5)
  An orc warrior (Orc:2)
  An orc priest (D:8)
  An iguana (D:13)
  3 orcs (Orc:2)
  A quokka zombie (D:7)
  A fire vortex (Volcano)
  3 fungi
  8 plants
22 creatures vanquished.

Grand Total: 776 creatures vanquished

Notes
Turn   | Place    | Note
--------------------------------------------------------------
     0 | D:1      | wvc the Vine Stalker Wanderer began the quest for the Orb.
     0 | D:1      | wvc set off with: a +2 spear, a potion of curing, a scroll of teleportation, a +0 robe, a bread ration
     0 | D:1      | Reached XP level 1. HP: 11/11 MP: 4/4
    17 | D:1      | Reached skill level 2 in Polearms
   144 | D:1      | Reached XP level 2. HP: 15/15 MP: 6/6
   468 | D:1      | Reached skill level 3 in Polearms
   468 | D:1      | Reached XP level 3. HP: 17/18 MP: 5/7
   758 | D:2      | Reached XP level 4. HP: 23/23 MP: 8/8
   999 | D:2      | Reached skill level 4 in Polearms
  1150 | D:2      | Found a faded altar to an unknown god.
  1298 | D:2      | Became a worshipper of Nemelex Xobeh the Trickster
  1298 | D:2      | Received a gift from Nemelex Xobeh
  1298 | D:2      | Reached * piety under Nemelex Xobeh
  1480 | D:3      | Reached XP level 5. HP: 25/26 MP: 9/9
  1491 | D:3      | Found a sacrificial altar of Ru.
  1863 | D:4      | Gained mutation: You are somewhat resistant to further mutation. [potion of mutation]
  1863 | D:4      | Gained mutation: You have supernaturally acute eyesight. [potion of mutation]
  1928 | D:4      | Reached skill level 5 in Polearms
  2070 | D:4      | Reached ** piety under Nemelex Xobeh
  2083 | D:4      | Gained mutation: You heal very quickly. [Vine Stalker growth]
  2083 | D:4      | Reached XP level 6. HP: 23/30 MP: 7/10
  2155 | D:4      | Reached skill level 6 in Polearms
  2170 | D:4      | Noticed Nedvokis's ghost (amateur DrFE)
  2182 | D:4      | Killed Nedvokis's ghost
  2182 | D:4      | Reached XP level 7. HP: 34/34 MP: 11/11
  2225 | D:4      | Noticed Grinder
  2237 | D:4      | Killed Grinder
  2237 | D:4      | Reached skill level 7 in Polearms
  2341 | D:4      | Found a staircase to the Ecumenical Temple.
  2585 | D:5      | Entered Level 5 of the Dungeon
  2617 | D:5      | Received a gift from Nemelex Xobeh
  2730 | D:5      | Reached skill level 8 in Polearms
  2750 | D:5      | Gained mutation: You have razor-sharp teeth. [Vine Stalker growth]
  2750 | D:5      | Reached XP level 8. HP: 22/38 MP: 12/12
  2840 | D:5      | Reached skill level 1 in Evocations
  3028 | D:5      | Found an oddly glowing altar of Pakellas.
  3028 | D:5      | Noticed an orange crystal statue
  3029 | D:5      | Noticed a troll
  3070 | D:5      | Killed a troll
  3160 | D:5      | Reached skill level 9 in Polearms
  3164 | D:5      | Found an oddly glowing altar of Pakellas.
  3171 | D:5      | Found an ancient bone altar of Kikubaaqudgha.
  3289 | D:6      | Found a sparkling altar of Nemelex Xobeh.
  3514 | D:6      | Received a gift from Nemelex Xobeh
  3523 | D:6      | Reached *** piety under Nemelex Xobeh
  3640 | D:6      | Reached skill level 10 in Polearms
  3644 | D:6      | Reached XP level 9. HP: 23/42 MP: 11/13
  3840 | D:7      | Noticed Pikel
  3843 | D:7      | Found a basalt altar of Yredelemnul.
  3856 | D:6      | Killed Pikel
  3964 | D:7      | Reached skill level 11 in Polearms
  3983 | D:7      | Reached skill level 1 in Throwing
  3989 | D:7      | HP: 2/42 [orc/flail (2)]
  4077 | D:7      | Received a gift from Nemelex Xobeh
  4257 | D:7      | Found Ithiw's General Store.
  4262 | D:7      | Bought a scroll of brand weapon for 280 gold pieces
  4262 | D:7      | Bought a scroll of teleportation for 42 gold pieces
  4567 | D:8      | Received a gift from Nemelex Xobeh
  5052 | D:8      | Reached XP level 10. HP: 46/46 MP: 14/14
  5146 | D:8      | Reached skill level 12 in Polearms
  5483 | D:8      | Reached **** piety under Nemelex Xobeh
  5483 | D:8      | Received a gift from Nemelex Xobeh
  5813 | D:9      | Noticed a guardian serpent
  5814 | D:9      | Noticed Prince Ribbit
  5822 | D:9      | Killed a guardian serpent
  5829 | D:9      | Killed Prince Ribbit
  5920 | D:9      | Received a gift from Nemelex Xobeh
  6016 | D:9      | Noticed a guardian serpent
  6030 | D:9      | Killed a guardian serpent
  6326 | D:9      | Reached skill level 13 in Polearms
  6539 | D:10     | Entered Level 10 of the Dungeon
  6803 | D:10     | Noticed a hill giant
  6809 | D:10     | Killed a hill giant
  6850 | D:10     | Received a gift from Nemelex Xobeh
  6884 | D:10     | Reached XP level 11. HP: 49/50 MP: 15/15
  6917 | D:10     | Reached skill level 5 in Evocations
  7107 | D:10     | Noticed a hill giant
  7125 | D:10     | Killed a hill giant
  7463 | D:11     | Noticed an unseen horror
  7478 | D:11     | Killed an unseen horror
  7478 | D:11     | Reached skill level 14 in Polearms
  7506 | D:11     | Found a staircase to the Lair.
  7846 | D:11     | Reached skill level 1 in Armour
  8028 | D:11     | Found a sacrificial altar of Ru.
  8049 | D:11     | Reached ***** piety under Nemelex Xobeh
  8049 | D:11     | Received a gift from Nemelex Xobeh
  8053 | D:11     | Found a staircase to the Orcish Mines.
  8123 | Lair:1   | Entered Level 1 of the Lair of Beasts
  8329 | Lair:1   | Noticed a five-headed hydra
  8340 | Lair:1   | Killed a five-headed hydra
  8358 | Lair:1   | Noticed Urug
  8367 | Lair:1   | Killed Urug
  8493 | Lair:1   | Received a gift from Nemelex Xobeh
  8949 | Lair:2   | Received a gift from Nemelex Xobeh
  9299 | Lair:2   | Gained mutation: You regenerate. [Vine Stalker growth]
  9299 | Lair:2   | Reached XP level 12. HP: 58/58 MP: 17/17
  9326 | Lair:2   | Received a gift from Nemelex Xobeh
  9344 | Lair:2   | Got a smoking ring mail
  9365 | Lair:2   | Found a dark tunnel.
  9374 | Volcano  | Entered a volcano
  9385 | Volcano  | Identified the +2 ring mail of Limited Liability {MR+ Str-4 Slay+3 Stlth+} (You found it on level 2 of the Lair of Beasts)
  9432 | Volcano  | Reached skill level 5 in Shields
  9961 | Lair:2   | Received a gift from Nemelex Xobeh
 10703 | Lair:3   | Received a gift from Nemelex Xobeh
 10833 | Lair:3   | Found a staircase to the Snake Pit.
 11064 | Lair:3   | Reached skill level 5 in Fighting
 11149 | Lair:3   | Received a gift from Nemelex Xobeh
 11149 | Lair:3   | Received a gift from Nemelex Xobeh
 11352 | Lair:3   | Reached ****** piety under Nemelex Xobeh
 11688 | Lair:4   | Found an oddly glowing altar of Pakellas.
 11794 | Lair:4   | Identified 3 scrolls of acquirement
 11903 | Lair:4   | Reached skill level 5 in Armour
 12014 | Lair:4   | Reached XP level 13. HP: 51/65 MP: 18/18
 12080 | Lair:4   | Noticed Nergalle
 12125 | Lair:4   | Killed Nergalle
 12141 | Lair:4   | Received a gift from Nemelex Xobeh
 12413 | Lair:4   | Found a staircase to the Swamp.
 12657 | Lair:5   | Reached skill level 5 in Dodging
 12796 | Lair:5   | Noticed an ettin
 12796 | Lair:5   | a seven-headed hydra changed into an ettin
 12801 | Lair:5   | Killed an ettin
 12910 | Lair:5   | Received a gift from Nemelex Xobeh
 13052 | Lair:5   | Received a gift from Nemelex Xobeh
 13668 | Lair:6   | Found a viscous altar of Jiyva.
 13669 | Lair:6   | Found a staircase to the Slime Pits.
 13778 | Lair:6   | Received a gift from Nemelex Xobeh
 13922 | Lair:6   | Received a gift from Nemelex Xobeh
 14113 | Lair:6   | Received a gift from Nemelex Xobeh
 14922 | Lair:7   | Received a gift from Nemelex Xobeh
 15264 | Lair:7   | Received a gift from Nemelex Xobeh
 15699 | Lair:8   | Entered Level 8 of the Lair of Beasts
 15782 | Lair:8   | Reached XP level 14. HP: 57/72 MP: 16/20
 15836 | Lair:8   | Received a gift from Nemelex Xobeh
 16299 | Lair:8   | Received a gift from Nemelex Xobeh
 17311 | Orc:1    | Entered Level 1 of the Orcish Mines
 17448 | Orc:1    | Found Pishruoll's Assorted Antiques.
 17458 | Orc:1    | Received a gift from Nemelex Xobeh
 17696 | Orc:2    | Entered Level 2 of the Orcish Mines
 17696 | Orc:2    | Found a staircase to the Elven Halls.
 17700 | Orc:2    | Received a gift from Nemelex Xobeh
 18096 | Orc:2    | Noticed Blork the orc
 18213 | Orc:2    | Received a gift from Nemelex Xobeh
 18250 | Orc:2    | Paralysed by an orc sorcerer for 4 turns
 18260 | Orc:2    | Killed Blork the orc
 18357 | Orc:2    | Found a roughly hewn altar of Beogh.
 18398 | Orc:2    | Noticed an orc warlord
 18414 | Orc:2    | Killed an orc warlord
 18427 | Orc:2    | Found Opaaloi's Antique Armour Shop.
 18437 | Orc:2    | Bought a pair of bloodstained boots for 313 gold pieces
 18442 | Orc:2    | Identified the +1 pair of boots of Guposybe {-Cast Int+4 Dex+5} (You bought it in a shop on level 2 of the Orcish Mines)
 18450 | Orc:2    | Found Vanemnovua's General Store.
 18458 | Orc:2    | Bought a potion of resistance for 120 gold pieces
 18466 | Orc:2    | Found Wemaotud's Book Shop.
 18484 | Orc:2    | Found Xessoag's Antique Weapon Shop.
 19040 | Orc:2    | Bought a smelly steam dragon armour for 1485 gold pieces
 19040 | Orc:2    | Identified the +2 steam dragon armour "Ograema" {*Corrode rC+ Int+2 Dex+3} (You bought it in a shop on level 2 of the Orcish Mines)
 19187 | D:12     | Found Nemowafe's Magic Scroll Emporium.
 19227 | D:12     | Bought a scroll of magic mapping for 56 gold pieces
 19246 | D:12     | Received a gift from Nemelex Xobeh
 19404 | D:12     | Reached XP level 15. HP: 79/79 MP: 22/22
 20048 | D:12     | Received a gift from Nemelex Xobeh
 20265 | D:13     | Found a labyrinth entrance.
 20285 | Lab      | Entered a labyrinth
 20575 | Lab      | Learned a level 1 spell: Apportation
 20578 | Lab      | Learned a level 2 spell: Blink
 20587 | Lab      | Identified Sif Muna's Reference Book on Companions and Confrontation (You found it in a labyrinth)
 20624 | D:13     | Received a gift from Nemelex Xobeh
 20673 | D:13     | Reached skill level 10 in Fighting
 20939 | D:13     | Received a gift from Nemelex Xobeh
 21499 | D:13     | Reached skill level 10 in Dodging
 21527 | D:13     | Found a gate to the Vaults.
 21528 | D:13     | Noticed a ghost moth
 21528 | D:13     | a vault guard changed into a ghost moth
 21533 | D:13     | Killed a ghost moth
 21837 | Snake:1  | Entered Level 1 of the Snake Pit
 21850 | Lair:3   | HP: 1/81 [shock serpent (10)]
 21854 | Lair:3   | Killed from afar by a shock serpent

Vault maps used:
D:1:      matt_arrival_grand_opening
D:2:      ecumenical_altar_2
D:3:      nicolae_ru_sacrificial_ziggurat
D:4:      temple_hall, first_bread, uniq_grinder
D:5:      amethyst_overflow_temple_binary, gammafunk_pakellas_statue_experiment
D:6:      nemelex_xobeh_ov_fountains_minmay
D:7:      old_standard_altar, serial_shops, shop, uniq_pikel,
          uniq_prince_ribbit1
D:8:      grunt_livestock, nicolae_wand_duel, minmay_misc_feat_cross
D:9:      nrook_guardian_serpent_snake_passage, st_stairs_10
D:11:     david_lair_shrubbed, orc_0_dummy, hex_large, st_stairs_3,
          lemuel_tele_altar
D:12:     hangedman_screamer, serial_shops, shop
D:13:     grunt_vaults_entry_tiered, lab_entry_generic
Lair:1:   uniq_urug
Lair:2:   nicolae_volcano_entry_batcave
Lair:3:   guppyfry_snake_entry_garden, guppyfry_lair_drakes, grunt_megastairs_1
Lair:4:   minmay_swamp_entry_worms, basic_altar, hangedman_lair_generics_rect,
          uniq_nergalle
Lair:6:   gammafunk_lair_bear_cave, slime_altar_1, beast_lair_carwin_1
Lair:7:   infiniplex_staircase_pool_2, grunt_megastairs_2
Lair:8:   evilmike_catoblepas_cave, grunt_megastairs_3
Orc:1:    serial_shops, nicolae_shop_waterfront, uniq_maud
Orc:2:    grunt_orc_cross
Lab:      nicolae_lab_dead_adventurers, nicolae_lab_x, nicolae_lab_garden,
          labyrinth_glass_2, nicolae_lab_dead_end, nicolae_lab_stuck,
          labyrinth_skeletal_remains, nicolae_lab_big_swirl, nicolae_lab_plus
Volcano:  volcano_aerie

Skill      XL: |  1  2  3  4  5  6  7  8  9 10 11 12 13 14 15 |
---------------+----------------------------------------------+-----
Polearms       | 2 3 4 5 6 8 10 11 13 14 | 14.0
Evocations     | 1 2 4 5 6 7 8 9 |  9.2
Throwing       | 1 2 |  2.0
Fighting       | 3 5 7 9 10 | 10.4
Armour         | 3 5 6 7 8 |  8.3
Shields        | 4 6 |  6.9
Dodging        | 4 7 8 10 | 10.2
Stealth        | |  1.2
Spellcasting   | |  2.1
Summonings     | |  1.0

Action                   |  1- 3 |  4- 6 |  7- 9 | 10-12 | 13-15 || total
-------------------------+-------+-------+-------+-------+-------++-------
Melee: Spear             |    88 |   142 |   414 |  1080 |  1394 ||  3118
       Bite              |     7 |    31 |   115 |   363 |   642 ||  1158
       Trident           |       |       |       |       |   323 ||   323
Throw: Tomahawk          |       |       |     5 |       |       ||     5
Invok: Triple Draw       |       |       |     2 |       |     1 ||     3
Evoke: Deck              |       |     1 |    11 |    38 |   112 ||   162
       Wand              |       |       |       |     7 |       ||     7
  Use: Scroll            |       |     8 |     5 |    15 |     8 ||    36
       Potion            |       |     1 |     1 |       |     4 ||     6
 Stab: Sleeping          |     2 |       |     3 |     7 |    12 ||    24
       Distracted        |       |       |     1 |     4 |     5 ||    10
       Invisible         |       |       |       |       |     6 ||     6
       Petrifying        |       |       |       |       |     2 ||     2
  Eat: Chunk             |       |     4 |     6 |     5 |     2 ||    17
       Beef jerky        |       |       |     4 |     3 |       ||     7
       Royal jelly       |       |       |     1 |       |     1 ||     2
       Fruit             |       |       |     8 |     3 |    11 ||    22
       Pizza             |       |       |       |    10 |     1 ||    11
       Meat ration       |       |       |       |     1 |     4 ||     5
Armor: Ring mail         |    24 |    35 |    96 |    59 |   193 ||   407
       Chain mail        |       |       |       |   166 |       ||   166
       Fire dragon armou |       |       |       |     1 |       ||     1
Dodge: Dodged            |    27 |    41 |    69 |   153 |   484 ||   774
Block: Shield            |       |    23 |    95 |   241 |       ||   359
       Buckler           |       |       |       |    11 |   392 ||   403
       Reflection        |       |       |       |       |    14 ||    14
